 Dungeon Crawl Stone Soup version 0.29.0-4-gdea44cf6ec (webtiles) character file.

Game seed: 6240583777112740659

632 qw the Chopper (level 7, -2/43 HPs)
             Began as a Gargoyle Delver on Sept 10, 2022.
             Was an Initiate of Okawaru.
             Slain by an ogre
             ... wielding a +0 giant club
              (22 damage)
             ... on level 5 of the Dungeon.
             The game lasted 00:01:51 (6105 turns).

qw the Chopper (Gargoyle Delver)                    Turns: 6105, Time: 00:01:51

Health: -2/43      AC: 22    Str: 17    XL:     7   Next: 49%
Magic:  7/7        EV:  5    Int: 11    God:    Okawaru [......]
Gold:   339        SH:  0    Dex: 11    Spells: 6/6 levels left

rFire   . . .      SeeInvis .   Y - +0 hand axe
rCold   + . .      Faith    .   (no shield)
rNeg    + . .      Spirit   .   h - +0 plate armour
rPois   inf        Reflect  .   p - +1 helmet
rElec   +          Harm     .   (no cloak)
rCorr   .          Rampage  .   m - +0 pair of gloves
Will    .....                   l - +1 pair of boots
Stlth   ..........              (no amulet)
HPRegen 0.14/turn               e - ring of protection from cold
MPRegen 0.10/turn               (no ring)

@: no status effects
A: sickness immunity, AC +4, negative energy resistance 1, electricity
resistance, torment resistance 1, petrification resistance
a: Renounce Religion


You were on level 5 of the Dungeon.
You worshipped Okawaru.
Okawaru was noncommittal.
You visited 2 branches of the dungeon, and saw 6 of its levels.

You collected 369 gold pieces.
You spent 30 gold pieces at shops.


Innate Abilities, Weirdness & Mutations

You are immune to sickness and miasma.
Your stone body is resilient. (AC +4)
You are immune to poison.
You resist negative energy. (rN+)
You are resistant to electric shocks. (rElec)
You are resistant to unholy torment.
You are immune to petrification.


   Skills:
 - Level 4.0 Fighting
 + Level 6.0 Axes
 - Level 4.3 Armour
 - Level 1.5 Dodging
 - Level 5.4 Stealth


You had 6 spell levels left.
You didn't know any spells.
Your spell library was empty.

Inventory:

Hand Weapons
 q - a +0 flail
 Y - a +0 hand axe (weapon)
Missiles
 c - 2 boomerangs (quivered)
Armour
 h - a +0 plate armour (worn)
 l - a +1 pair of boots (worn)
 m - a +0 pair of gloves (worn)
 p - a +1 helmet (worn)
Jewellery
 e - a ring of protection from cold (left hand)
Wands
 g - a wand of digging (3)
Scrolls
 a - 2 scrolls of teleportation
 k - a scroll of identify
Potions
 b - a potion of mutation
 d - a potion of curing
 f - 2 potions of haste
 j - a potion of magic {unknown}
 n - a potion of degeneration {unknown}
 o - a potion of might

Dungeon Overview and Level Annotations

Branches:
Dungeon (5/15)             Temple (1/1) D:5

Altars:
Elyvilon
Gozag
Kikubaaqudgha
Makhleb
Nemelex Xobeh
Okawaru
Qazlal
Sif Muna
Trog
Uskayaw
Vehumet
Wu Jian
Xom
Yredelemnul
The Shining One

Shops:
D:3 *

Annotations:
D:4 4 runed translucent doors, Crazy Yiuf; qw's ghost, weakling GrDe


Message History

The necrophage is severely damaged.
The necrophage barely misses you.
You hit the necrophage.
The necrophage is almost destroyed.
The necrophage hits you but does no damage.
You hit the necrophage but do no damage.
The necrophage is almost destroyed.
The necrophage hits you but does no damage.
You hit the necrophage.
The necrophage is almost destroyed.
The necrophage hits you but does no damage.
You hit the necrophage.
You destroy the necrophage!
Okawaru accepts your kill.
Your Axes skill increases to level 6!
An ogre comes into view. It is wielding a +0 giant club.
The ogre shouts!
Enter note: Throw: 2 boomerangs
Press: ? - help, Q - select action Shift-Dir - straight line, f - ogre You throw a boomerang.
The boomerang hits the ogre.
The ogre is moderately wounded.
Throw: 2 boomerangs
Press: ? - help, Q - select action Shift-Dir - straight line, f/p - ogre You throw a boomerang.
The boomerang hits the ogre.
The ogre is moderately wounded.
Throw: 2 boomerangs
Press: ? - help, Q - select action Shift-Dir - straight line, f/p - ogre You throw a boomerang.
The boomerang hits the ogre but does no damage.
The ogre is moderately wounded.
You hit the ogre but do no damage.
The ogre is moderately wounded.
The ogre hits you with a +0 giant club!!
Ouch! That really hurt!
You hit the ogre.
The ogre is heavily wounded.
The ogre hits you with a +0 giant club!!
Ouch! That really hurt!
You die...

.##...## ###.........
.#.....###..............
...#?...##..............
.####...##..............
.# ##...##.............
.# ##....##............
.####...................
###........<............
.......######...@O......
....#### #.##########
.#### #.# ## #.# #
#.#### ## #....##### .#
##........## .#
#..........# ##
#........###


You could see an ogre.

Vanquished Creatures
  A centaur (D:5)
  A phantom (D:5)
  2 necrophages (D:5)
  A howler monkey (D:4)
  A hound (D:4)
  Jessica (D:2)
  Ijyb (D:4)
  2 orc wizards (D:5)
  Robin (D:4)
  3 gnolls (D:3)
  6 adders
  2 adder zombies (D:4)
  A worm (D:3)
  4 dart slugs
  3 orcs
  9 ball pythons
  6 bats
  4 endoplasms
  2 giant cockroaches (D:1)
  13 goblins
  7 hobgoblins
  4 jackals (D:1)
  2 kobolds
  3 quokkas
  2 frilled lizards
  7 rats
89 creatures vanquished.

Notes
Turn   | Place    | Note
-------+----------+-------------------------------------------
     0 | D:5      | qw the Gargoyle Delver began the quest for the Orb.
     0 | D:5      | Reached XP level 1. HP: 14/14 MP: 1/1
     0 | D:5      | 0 ||| qw: Version: 0.1-a-116-g5d60599
     0 | D:5      | 0 ||| qw: Game counter: 8995
     0 | D:5      | 0 ||| qw: Always use a shield: true
     0 | D:5      | 0 ||| qw: God list: Okawaru
     0 | D:5      | 0 ||| qw: Allow faded altars: false
     0 | D:5      | 0 ||| qw: Do Orc after D:15 true
     0 | D:5      | 0 ||| qw: Do second Lair branch before Depths: true
     0 | D:5      | 0 ||| qw: Lair rune preference: random
     0 | D:5      | 0 ||| qw: Plans: Normal
     0 | D:5      | 0 ||| PLANNING D:1-11
    50 | D:5      | 50 ||| Stepping ~*~*~tactically~*~*~ (stealth).
    61 | D:5      | Found a staircase to the Ecumenical Temple.
    72 | D:5      | 72 ||| UPGRADING to +0 plate armour.
    82 | D:5      | 82 ||| DROPPING +0 leather armour.
    83 | D:5      | 83 ||| DROPPING scroll of fog.
    84 | D:5      | 84 ||| DROPPING scroll of magic mapping.
    85 | D:5      | 85 ||| DROPPING scroll of fear.
   120 | D:4      | 120 ||| DROPPING orb of guile.
   127 | D:3      | Found a shimmering altar of Xom.
   151 | D:3      | Identified the +0 leather armour of Cynicism {Dex+5}
   164 | D:2      | Reached skill level 1 in Armour
   185 | D:2      | Reached skill level 2 in Axes
   185 | D:2      | Reached XP level 2. HP: 14/19 MP: 2/2
   381 | D:2      | Reached XP level 3. HP: 17/23 MP: 3/3
   494 | D:2      | 494 ||| Stepping ~*~*~tactically~*~*~ (hiding).
   648 | D:2      | 648 ||| DROPPING ring of magical power.
   649 | D:2      | 649 ||| READING scroll labelled KOWUXTU LETIHU.
   650 | D:2      | 650 ||| DRINKING 2 fuming white potions.
   670 | D:1      | Reached skill level 3 in Axes
   938 | D:1      | 938 ||| Stepping ~*~*~tactically~*~*~ (stealth).
  1478 | D:1      | Reached XP level 4. HP: 28/28 MP: 4/4
  1513 | D:1      | 1513 ||| Stepping ~*~*~tactically~*~*~ (stealth).
  1561 | D:1      | 1561 ||| Stepping ~*~*~tactically~*~*~ (stealth).
  1586 | D:1      | 1586 ||| Stepping ~*~*~tactically~*~*~ (stealth).
  1588 | D:1      | 1588 ||| Stepping ~*~*~tactically~*~*~ (stealth).
  1614 | D:1      | 1614 ||| Stepping ~*~*~tactically~*~*~ (stealth).
  1702 | D:1      | 1702 ||| UPGRADING to +0 helmet.
  1707 | D:1      | 1707 ||| DROPPING orb of energy.
  1708 | D:1      | 1708 ||| READING 4 scrolls labelled NAMIAMUTEO.
  1711 | D:1      | 1711 ||| READING 2 scrolls labelled WUWUVU LEMIRUH.
  1712 | D:1      | 1712 ||| READING 2 scrolls of identify.
  1712 | D:1      | 1712 ||| IDENTIFYING fizzy purple potion
  1713 | D:1      | 1713 ||| DROPPING scroll of noise.
  1780 | D:2      | Noticed Jessica
  1782 | D:2      | 1782 ||| Stepping ~*~*~tactically~*~*~ (hiding).
  1796 | D:2      | Killed Jessica
  1911 | D:2      | Found an opulent altar of Gozag.
  1932 | D:2      | Reached skill level 4 in Axes
  2104 | D:2      | 2104 ||| UPGRADING to +1 pair of boots.
  2109 | D:2      | 2109 ||| READING 2 scrolls of identify.
  2109 | D:2      | 2109 ||| IDENTIFYING pink potion
  2204 | D:3      | Found an ancient bone altar of Kikubaaqudgha.
  2278 | D:3      | 2278 ||| Stepping ~*~*~tactically~*~*~ (hiding).
  2287 | D:3      | Reached XP level 5. HP: 21/32 MP: 5/5
  2489 | D:3      | Found an opulent altar of Gozag.
  2842 | D:3      | Found Ashroet's General Store.
  2845 | D:3      | 2845 ||| SHOPLISTING ring of willpower (250 gold, have
                  | 206).
  2845 | D:3      | 2845 ||| BUYING scroll of teleportation (30 gold).
  2845 | D:3      | Bought a scroll of teleportation for 30 gold pieces
  2848 | D:3      | Found a white marble altar of Elyvilon.
  2945 | D:3      | Found a sparkling altar of Nemelex Xobeh.
  2952 | D:3      | Reached skill level 3 in Armour
  3139 | D:3      | 3139 ||| UPGRADING to +1 helmet.
  3149 | D:3      | 3149 ||| DROPPING +0 helmet.
  3150 | D:3      | 3150 ||| READING scroll labelled VIKHLA YMAITYI.
  3151 | D:3      | 3151 ||| DRINKING 2 brown potions.
  3219 | D:4      | Found a shimmering blue altar of Sif Muna.
  3255 | D:4      | Noticed Robin
  3256 | D:4      | 3256 ||| Stepping ~*~*~tactically~*~*~ (hiding).
  3289 | D:4      | Killed Robin
  3291 | D:4      | 3291 ||| FLEEEEING.
  3292 | D:4      | 3292 ||| FLEEEEING.
  3293 | D:4      | 3293 ||| FLEEEEING.
  3294 | D:4      | 3294 ||| FLEEEEING.
  3295 | D:4      | 3295 ||| FLEEEEING.
  3296 | D:4      | 3296 ||| FLEEEEING.
  3297 | D:4      | 3297 ||| FLEEEEING.
  3298 | D:4      | 3298 ||| FLEEEEING.
  3299 | D:4      | 3299 ||| FLEEEEING.
  3300 | D:4      | 3300 ||| FLEEEEING.
  3301 | D:4      | 3301 ||| FLEEEEING.
  3302 | D:4      | 3302 ||| FLEEEEING.
  3303 | D:4      | 3303 ||| FLEEEEING.
  3304 | D:4      | 3304 ||| FLEEEEING.
  3305 | D:4      | 3305 ||| STAIRDANCE
  3490 | D:4      | 3490 ||| STAIRDANCE
  3559 | D:4      | 3559 ||| STAIRDANCE
  3726 | D:4      | Found a runed translucent door.
  3727 | D:4      | Noticed Crazy Yiuf
  3764 | D:4      | Found a radiant altar of Vehumet.
  4109 | D:4      | Found a runed translucent gate.
  4109 | D:4      | Found a runed translucent gate.
  4109 | D:4      | Found a runed translucent gate.
  4109 | D:4      | Noticed qw's ghost (weakling GrDe)
  4110 | D:4      | 4110 ||| UPGRADING to ring of protection from cold.
  4111 | D:4      | 4111 ||| READING 2 scrolls labelled DOLIJ MAPLI.
  4114 | D:4      | 4114 ||| READING 2 scrolls of identify.
  4114 | D:4      | 4114 ||| IDENTIFYING golden potion
  4133 | D:4      | Found a basalt altar of Yredelemnul.
  4208 | D:4      | Noticed Ijyb
  4220 | D:4      | HP: 4/32 [howler monkey (5)]
  4221 | D:4      | 4221 ||| READING 4 scrolls of teleportation.
  4222 | D:4      | 4222 ||| DRINKING potion of heal wounds.
  4405 | D:4      | Reached skill level 5 in Axes
  4405 | D:4      | Reached XP level 6. HP: 28/37 MP: 6/6
  4444 | D:4      | 4444 ||| FLEEEEING.
  4445 | D:4      | 4445 ||| FLEEEEING.
  4446 | D:4      | 4446 ||| FLEEEEING.
  4447 | D:4      | 4447 ||| FLEEEEING.
  4508 | D:4      | 4508 ||| Stepping ~*~*~tactically~*~*~ (hiding).
  4523 | D:4      | HP: 6/37 [Ijyb/+1 vampiric dagger (4)]
  4524 | D:4      | 4524 ||| READING 3 scrolls of teleportation.
  4972 | D:4      | Killed Ijyb
  5146 | D:4      | 5146 ||| DROPPING potion of attraction.
  5147 | D:4      | 5147 ||| DROPPING scroll of butterflies.
  5346 | D:5      | 5346 ||| DROPPING +0 mace.
  5372 | D:5      | Reached XP level 7. HP: 20/43 MP: 7/7
  5552 | D:5      | 5552 ||| PLANNING TEMPLE
  5552 | D:5      | 5552 ||| UPGRADING to +0 pair of gloves.
  5557 | D:5      | 5557 ||| READING scroll labelled FISOID PAYBO.
  5566 | Temple   | Entered the Ecumenical Temple
  5754 | Temple   | 5754 ||| PLANNING D:1-11
  5771 | Temple   | Became a worshipper of Warmaster Okawaru
  6078 | D:5      | Reached skill level 6 in Axes
  6105 | D:5      | Slain by an ogre

Levels and vault maps discovered:
D:1:      dpeg_arrival_subterranean_lakeside_camping, layout_basic,
          minmay_misc_feat_chi
D:2:      layout_rooms, basic_altar, uniq_jessica
D:3:      layout_basic, kiku_gazebo_pond_becter, nemelex_dance_club_becter,
          grunt_gozag_statues, xom_teletrap_fun, elyvilon_altar_5, serial_shops,
          shop, serial_bayou_pond_e, serial_bayou_lagoon_a
D:4:      layout_loops_corners, nicolae_yredelemnul_ghost_church,
          nicolae_overflow_crystal_walls, amcnicky_altar_gilded, uniq_robin,
          uniq_crazy_yiuf_cottage, uniq_ijyb
D:5:      layout_cave_pods, worldfamousw_hep_ancestral_shrine,
          minmay_temple_entry_stoned_glass
Temple:   nicolae_temple_bog_church

Skill      XL: |  1  2  3  4  5  6  7 |
---------------+----------------------+-----
Armour         | 1 2 3 4 |  4.3
Axes           | 2 3 4 5 6 |  6.0
Fighting       | 4 |  4.0
Dodging        | |  1.5
Stealth        | |  5.4

Action                   |  1- 3 |  4- 6 |  7- 9 || total
-------------------------+-------+-------+-------++-------
Melee: Hand axe          |   102 |   279 |    36 ||   417
       Punch             |     2 |       |       ||     2
Throw: Boomerang         |    17 |    31 |     9 ||    57
  Use: Scroll            |     1 |     9 |     1 ||    11
       Potion            |     1 |     2 |       ||     3
Armor: Plate armour      |   102 |   244 |    24 ||   370
       Leather armour    |     2 |       |       ||     2
Dodge: Dodged            |    29 |    87 |     5 ||   121

Table legend:
 A = Non-vault XP
 B = Vault XP
 C = Vault XP percentage of total XP
 D = Non-vault monster count
 E = Vault monster count
 F = Vault count percentage of total count
                 A         B        C        D         E       F
            +---------+---------+-------+---------+---------+-------
      Total |     769 |     134 |  14.8 |      66 |      23 |  25.8
            +---------+---------+-------+---------+---------+-------
        D:1 |      51 |       8 |  13.6 |      27 |       6 |  18.2
        D:2 |      57 |      37 |  39.4 |      12 |       1 |   7.7
        D:3 |      56 |       7 |  11.1 |      10 |       3 |  23.1
        D:4 |     103 |      82 |  44.3 |       5 |      13 |  72.2
        D:5 |     502 |       0 |   0.0 |      12 |       0 |   0.0
            +---------+---------+-------+---------+---------+-------
